 Dungeon Crawl Stone Soup version 0.31.0-11-ge490571c62 (webtiles) character file.

Game seed: 6335273921009364596

303086 browni3141 the Eclecticist (level 20, -14/135 (150) HPs)
             Began as a Demonspawn Conjurer on Jan 30, 2024.
             Was the Champion of Vehumet.
             Killed from afar by a Tzitzimitl (70 damage)
             ... with a bolt of negative energy
             ... summoned by a deep elf demonologist
             ... on level 3 of the Elven Halls.
             The game lasted 02:10:13 (42971 turns).

browni3141 the Eclecticist (Demonspawn Conjurer)   Turns: 42971, Time: 02:10:14

HP:   -14/135 (150) AC: 18    Str: 11    XL:     20   Next: 23%
MP:   0/40          EV: 18    Int: 29    God:    Vehumet [******]
Gold: 1688          SH: 17    Dex: 12    Spells: 5/51 levels left

rFire   + + +        G - +8 mace of Ignis, Scorching {vamp, Int+5}
rCold   + . .        P - +0 kite shield
rNeg    . . .        p - +0 swamp dragon scales
rPois   +            w - +0 helmet
rElec   +            Z - scarf {rC+ rF+}
rCorr   .            f - +0 pair of gloves "Waewn" {^Contam rElec rF+++ Slay+3}
SInv    .            U - +2 pair of boots {Stlth+}
Will    ++...        a - brooch of Shielding {Spirit SH+8}
Stlth   +++          N - +5 ring of evasion
HPRegen 0.42/turn    W - ring of willpower
MPRegen 0.27/turn

%: guardian spirit
@: heavily drained
A: rugged brown scales 3, powered by death 1, spiny 2, demonic touch 2
}: 2/15 runes: decaying, gossamer
a: Renounce Religion


You were on level 3 of the Elven Halls.
You worshipped Vehumet.
Vehumet was exalted by your worship.
You visited 7 branches of the dungeon, and saw 34 of its levels.
You also visited: Sewer and Gauntlet.

You collected 2923 gold pieces.
You spent 1235 gold pieces at shops.

Inventory:

Hand Weapons
 G - the +8 mace of Ignis, Scorching (weapon) {vamp, Int+5}
   (You found it in a sewer)

   Int+5:     It affects your intelligence (+5).
 X - the +11 whip of the Hierophant {antimagic, Str+3}
   (You took it off a wight on level 9 of the Dungeon)

   Str+3:     It affects your strength (+3).
Missiles
 i - 4 silver javelins
 V - 7 throwing nets
 Y - 3 curare-tipped darts
Armour
 f - the +0 pair of gloves "Waewn" (worn) {^Contam rElec rF+++ Slay+3}
   (You bought it in a shop on level 9 of the Dungeon)

   Slay+3:    It affects your accuracy & damage with ranged weapons and melee
   (+3).
   rF+++:     It renders you almost immune to fire.
   rElec:     It insulates you from electricity.
   ^Contam:   It causes magical contamination when unequipped.
 n - the +1 ring mail "Cuklos" {rC+ Str+3 Slay+2 Stlth+}
   (You found it on level 10 of the Dungeon)

   Str+3:     It affects your strength (+3).
   Slay+2:    It affects your accuracy & damage with ranged weapons and melee
   (+2).
   rC+:       It protects you from cold.
   Stlth+:    It makes you more stealthy.
 p - +0 swamp dragon scales (worn)
 w - a +0 helmet (worn)
 P - a +0 kite shield (worn)
 U - a +2 pair of boots of stealth (worn)
 Z - a scarf of resistance (worn)
Jewellery
 a - the brooch of Shielding (around neck) {Spirit SH+8}
   (You found it on level 5 of the Lair of Beasts)

   [amulet of guardian spirit]

   Spirit:    It causes incoming damage to be divided between your reserves of
   health and magic.
   SH+8:      It affects your SH (+8).
 o - the ring "Bexiran" {rElec Will- rCorr Str+6}
   (You found it in a Gauntlet)

   [ring of strength]

   Str+6:     It affects your strength (+6).
   rElec:     It insulates you from electricity.
   Will-:     It decreases your willpower.
   rCorr:     It protects you from acid and corrosion.
 x - a ring of see invisible
 J - a ring of protection from cold
 N - a +5 ring of evasion (left hand)
 S - a +4 ring of protection
 W - a ring of willpower (right hand)
Wands
 b - a wand of mindburst (16)
 v - a wand of iceblast (35)
 z - a wand of paralysis (17)
 E - a wand of digging (3)
 I - a wand of quicksilver (20)
Scrolls
 c - a scroll of vulnerability
 d - 9 scrolls of amnesia
 e - 4 scrolls of silence
 h - 7 scrolls of fog
 l - 3 scrolls of torment
 m - a scroll of immolation
 A - 6 scrolls of revelation
 B - 4 scrolls of enchant armour
 D - 2 scrolls of poison
 F - a scroll of summoning
 L - 6 scrolls of fear
 O - 14 scrolls of teleportation
 Q - 5 scrolls of blinking
Potions
 g - 5 potions of heal wounds
 k - 9 potions of attraction
 q - 2 potions of haste
 s - 4 potions of cancellation
 t - a potion of resistance
 u - 17 potions of ambrosia
 C - 9 potions of curing
 H - 4 potions of enlightenment
 K - 6 potions of mutation
 M - 3 potions of magic
 R - 5 potions of lignification
 T - 2 potions of brilliance
Miscellaneous
 j - a phial of floods
 r - a box of beasts (inert)
 y - a lightning rod (4/4)


   Skills:
 - Level 8.0 Fighting
 - Level 14.0 Maces & Flails
 - Level 8.0 Armour
 + Level 13.2 Dodging
 - Level 5.0 Stealth
 - Level 6.0 Shields
 - Level 16.0 Spellcasting
 - Level 16.0 Conjurations
 - Level 3.0 Translocations
 * Level 6.5 Fire Magic
 - Level 5.0 Air Magic
 - Level 5.0 Earth Magic
 - Level 5.0 Alchemy
 - Level 3.0 Evocations


You had 5 spell levels left.
You knew the following spells:

 Your Spells              Type           Power      Damage    Failure   Level
a - Magic Dart            Conj           100%       1d8       0%          1
b - Searing Ray           Conj           100%       2d8       1%          2
c - Fulminant Prism       Conj/Alch      35%        3d17      1%          4
d - Iskenderun's Mystic   Conj/Tloc      67%        2d14      1%          4
e - Brom's Barrelling Bo  Conj/Erth      71%        2d8       1%          4
f - Irradiate             Conj/Alch      35%        3d23      1%          5
g - Fireball              Conj/Fire      36%        3d15      1%          5
h - Blink                 Tloc           80%        N/A       6%          2
i - Orb of Destruction    Conj           43%        9d12      4%          7
j - Bombard               Conj/Erth      35%        9d6       9%          6
k - Conjure Ball Lightni  Conj/Air       35%        3x3d11    9%          6

Your spell library contained the following spells:

 Spells                   Type           Power      Damage    Failure   Level
 Ignition                 Fire           28%        3d9       100%        8
 Fire Storm               Conj/Fire      36%        8d9       100%        9
 Shatter                  Erth           25%        3d22*     100%        9
 Kiss of Death            Conj/Necr      100%       2d13      1%          1
 Mercury Vapours          Alch/Air       100%       N/A       1%          2
 Scorch                   Fire           100%       2d9       1%          2
 Dazzling Flash           Conj/Hex       100%       N/A       1%          3
 Mephitic Cloud           Conj/Alch/Air  65%        N/A       1%          3
 Volatile Blastmotes      Fire/Tloc      100%       2d18      1%          3
 Flame Wave               Conj/Fire      73%        2d16      1%          4
 Lesser Beckoning         Tloc           80%        N/A       6%          2
 Freezing Cloud           Conj/Ice/Air   29%        6-21      6%          5
 Gell's Gravitas          Tloc           40%        N/A       13%         3
 Teleport Other           Tloc           40%        N/A       13%         3
 Lee's Rapid Deconstruct  Erth           25%        3d14*     13%         5
 Necrotise                Necr           92%        1d8       14%         1
 Call Imp                 Summ           46%        N/A       22%         2
 Ensorcelled Hibernation  Hex/Ice        46%        N/A       22%         2
 Sublimation of Blood     Necr           23%        N/A       22%         2
 Confusing Touch          Hex            23%        N/A       41%         3
 Fugue of the Fallen      Necr           23%        N/A       41%         3
 Ozocubu's Armour         Ice            23%        N/A       41%         3
 Vampiric Draining        Necr           23%        2d7       41%         3
 Animate Armour           Summ/Erth      74%        N/A       45%         4
 Summon Lightning Spire   Summ/Air       37%        N/A       45%         4
 Anguish                  Hex/Necr       11%        N/A       82%         4
 Dispel Undead            Necr           23%        3d12      82%         4
 Martyr's Knell           Necr/Summ      23%        N/A       82%         4
 Silence                  Hex/Air        18%        N/A       82%         5
 Curse of Agony           Necr           23%        N/A       99%         5
 Metabolic Englaciation   Hex/Ice        11%        N/A       99%         5
 Spellforged Servitor     Conj/Summ      31%        N/A       71%         7
 Sculpt Simulacrum        Ice/Alch       18%        N/A       100%        6
 Summon Cactus Giant      Summ           11%        N/A       100%        6
 Haunt                    Necr/Summ      11%        N/A       100%        7
 Summon Hydra             Summ           11%        N/A       100%        7
 Borgnjor's Revivificati  Necr           11%        N/A       100%        8
 Summon Horrible Things   Summ           11%        N/A       100%        8
 Death's Door             Necr           11%        N/A       100%        9


Dungeon Overview and Level Annotations

Branches:
Dungeon (15/15)            Temple (1/1) D:6            Lair (5/5) D:10
  Swamp (4/4) Lair:2       Spider (4/4) Lair:3        Slime (0/5) Lair:5
    Orc (2/2) D:11            Elf (3/3) Orc:2        Vaults (0/5) D:14
 Depths (0/4) D:15          Sewer (visited)         Gauntlet (visited)

Altars:
Ashenzari
Cheibriados
Dithmenos
Fedhas
Gozag
Hepliaklqana
Kikubaaqudgha
Makhleb
Nemelex Xobeh
Okawaru
Qazlal
Ru
Sif Muna
Trog
Uskayaw
Vehumet
Wu Jian
Xom
Yredelemnul
Jiyva

Shops:
D:2 (   D:5 *   D:6 *   D:8 !   D:9 [   D:15 [   Orc:1 (   Orc:2 *:*[(
Elf:1 :==

Annotations:
Orc:1 2 transporters, browni3141's ghost, journeyman DsCj
Elf:2 3 runed translucent doors


Innate Abilities, Weirdness & Mutations

You are completely covered in rugged brown scales. (AC +3, +7% HP)
You regenerate a little health from kills.
You are mostly covered in sharp spines.
Your touch may inflict irresistible damage on your foes.


Message History

The blast of lightning engulfs your ball lightning.
Your ball lightning completely resists.
The blast of lightning engulfs your ball lightning.
Your ball lightning completely resists.
The blast of lightning engulfs your ball lightning.
Your ball lightning completely resists.
The blast of lightning engulfs your ball lightning.
Your ball lightning completely resists.
The blast of lightning engulfs you. You resist.
The blast of lightning engulfs the deep elf zephyrmancer!!
The deep elf zephyrmancer is almost dead.
Your ball lightning explodes!
The blast of lightning engulfs your ball lightning.
Your ball lightning completely resists.
The blast of lightning engulfs you. You resist.
The blast of lightning engulfs the fire elemental.
The fire elemental resists.
You destroy the fire elemental!
Vehumet accepts your kill.
You feel your power returning.
The deep elf zephyrmancer gestures wildly while chanting.
The deep elf zephyrmancer blinks!
You hear a shout!
The deep elf zephyrmancer casts a spell at you.
The bolt of lightning hits you! You resist. The bolt of lightning hits you!
You resist.
The bolt of lightning hits your ball lightning.
Your ball lightning completely resists.
Your ball lightning explodes!
The blast of lightning engulfs the deep elf demonologist!
The deep elf demonologist is lightly wounded.
Your ball lightning explodes!
The blast of lightning engulfs your ball lightning.
Your ball lightning completely resists.
The blast of lightning engulfs the deep elf zephyrmancer!!
You kill the deep elf zephyrmancer!
Vehumet accepts your kill.
You feel your power returning. The blast of lightning engulfs you. You resist.
You hear a shout! x3
The deep elf demonologist points at you and mumbles some strange words.
You resist with almost no effort.
A deep elf archer comes into view. It is wielding a +0 dagger.
Your ball lightning explodes!
The blast of lightning engulfs you. You resist.
The blast of lightning engulfs the deep elf archer!!
The deep elf archer is heavily wounded.
You hear a shout! x2
You create some ball lightning! 3 ball lightnings come into view.
A deep elf zephyrmancer comes into view.
It is wielding a +0 long sword.
The deep elf pyromancer gestures wildly while chanting.
The deep elf pyromancer blinks!
The deep elf archer unwields a +0 dagger.
The deep elf archer wields a +0 shortbow.
The deep elf archer shoots an arrow.
The arrow hits your ball lightning!!
Your ball lightning explodes!
The blast of lightning engulfs you. You resist.
The blast of lightning engulfs your ball lightning.
Your ball lightning completely resists.
The blast of lightning engulfs your ball lightning.
Your ball lightning completely resists.
The blast of lightning engulfs the deep elf archer!
The deep elf archer is almost dead.
The blast of lightning engulfs the deep elf pyromancer!!
The deep elf pyromancer is heavily wounded.
The deep elf demonologist mumbles some strange words.
The deep elf pyromancer casts a spell at you.
The bolt of fire misses you.
Your ball lightning explodes!
The blast of lightning engulfs the Tzitzimitl.
The Tzitzimitl resists.
The Tzitzimitl is lightly wounded.
The blast of lightning engulfs you. You resist.
The blast of lightning engulfs your ball lightning.
Your ball lightning completely resists.
Your ball lightning explodes!
The blast of lightning engulfs you. You resist.
The blast of lightning engulfs the Tzitzimitl.
The Tzitzimitl resists.
The Tzitzimitl is lightly wounded.
Press: ? - help, v - describe, . - travel
Here: a deep elf demonologist, wielding a +1 long sword of holy wrath (lightly wounded)
The floor.
Unknown command.
As you read the scroll of summoning, it crumbles to dust.
Wisps of shadow whirl around you...
The deep elf demonologist mumbles some strange words.
Send 'em back where they came from!
Your deep elf archer shudders.
Your earth elemental shudders.
Your air elemental shudders.
Your deep elf knight shudders.
Your deep elf zephyrmancer dissolves into shadows!
Your deep elf pyromancer dissolves into shadows!
Your deep elf archer dissolves into shadows!
Your deep elf zephyrmancer dissolves into shadows!
The deep elf zephyrmancer casts a spell.
The deep elf zephyrmancer blinks!
The Tzitzimitl gestures at you. The bolt of negative energy hits you!!!
You feel drained.
Ouch! That really hurt!
You die...

#######'###########..#.####
........e.........#....#
..................'..###
..................#..#
########'######e..#..# #
#.............#..).).#..
#.............#1E.e#)e...':
#.............#e..ee.#...##
#...#######...+§@.#..#.#..#
#.).#.....#...#..E#..# .
... #...#.....# ..#...#○.#
#. ..
#...+.....#...#...#... .. .
+...#.....#...#...#..#. ##
#...##)####...#...#
#.............#...#
#.............#...#
#.............


You could see a Tzitzimitl (summoned, ally target), a deep elf demonologist, a
deep elf archer (repels missiles), a deep elf pyromancer (ally target), a deep
elf zephyrmancer, a friendly deep elf archer (summoned, repels missiles), a
friendly deep elf knight (summoned), a friendly earth elemental (summoned) and a
friendly air elemental (summoned).

Vanquished Creatures
  the Lernaean hydra (Swamp:4)
  Arachne (Spider:3)
  Mlioglotl (Swamp:1)
  Kirke (D:12)
  A thorn hunter (Swamp:3)
  Donald (Orc:2)
  Aizul (Swamp:1)
  2 fenstrider witches
  An azure jelly (Swamp:2)
  Roxanne (Swamp:1)
  A deep elf sorcerer (Elf:3)
  5 emperor scorpions (Spider:4)
  7 ghost moths
  An orc warlord (Orc:2)
  2 broodmothers (Spider:1)
  An ironbound thunderhulk (D:14)
  A deep elf annihilator (Elf:3)
  A deep elf demonologist (Elf:3)
  4 eleionomae
  A minotaur (Gauntlet)
  Snorg (Orc:2)
  3 dire elephants
  3 bunyips (Swamp:4)
  An ettin (D:15)
  An entropy weaver (shapeshifter) (D:15)
  2 shambling mangroves
  A deep elf high priest (Elf:3)
  An entropy weaver (Spider:1)
  2 vault guards (D:14)
  Erolcha (D:11)
  A merfolk avatar (Lair:5)
  8 alligators
  19 hydras
  A jorogumo (Spider:4)
  An anaconda (Swamp:4)
  3 two-headed ogres
  4 centaur warriors
  6 radroaches
  The ghost of browni3141 the Cleaver, a novice MiFi of Okawaru (D:9)
  2 ghost crabs (Swamp:2)
  9 boulder beetles
  17 dancing weapons
  5 tengu warriors
  4 death yaks
  6 orc high priests
  3 demonic crawlers
  3 spriggan berserkers
  A hell knight (D:15)
  6 deep elf knights
  A skyshark (Lair:4)
  8 spriggans
  7 goliath frogs
  Amaemon (Lair:1)
  7 spriggan druids
  7 pharaoh ants
  3 skeletal warriors (D:14)
  8 orb spiders
  8 deep elf archers
  15 swamp dragons
  5 steelbarb worms
  4 bog bodies
  17 deep elf pyromancers
  Pikel (D:7)
  3 sea snakes (Lair:5)
  11 deep elf zephyrmancers
  2 sun moths
  The ghost of TheRegalBeagle the Cleaver, a novice DsBe of Trog (D:6)
  A harpy (shapeshifter) (D:15)
  A harpy (Lair:5)
  8 ugly things
  36 wolf spiders
  5 orc sorcerers
  5 orc knights (Orc:2)
  2 cyclopes
  2 manticores (D:14)
  A will-o-the-wisp (Swamp:4)
  3 moths of wrath
  17 elephants
  3 meliai (D:13)
  6 black mambas
  2 gargoyles
  4 torpor snails
  13 cane toads
  3 freezing wraiths
  An orange demon (Lair:1)
  2 rime drakes
  An unseen horror (D:12)
  2 tengu conjurers
  9 komodo dragons
  An efreet (D:15)
  15 hornets
  10 tyrant leeches
  A queen bee (D:13)
  3 bloated husks
  11 trolls
  Grinder (D:6)
  Prince Ribbit (D:7)
  2 polar bears
  11 blink frogs
  A wind drake (Lair:5)
  35 tarantellas
  13 slime creatures
  A raiju (Spider:1)
  3 snapping turtles (Lair:5)
  A vampire (D:8)
  20 jumping spiders
  20 culicivoras
  A water elemental (Elf:1)
  8 shadows
  A wraith (D:12)
  5 basilisks
  2 fire elementals
  6 hogs (D:12)
  3 wyverns
  23 yaks
  A human (D:14)
  2 wargs
  51 redbacks
  6 steam dragons
  13 vampire mosquitoes
  3 chaos spawn (Gauntlet)
  26 swamp worms
  A neqoxec (Gauntlet)
  Menkaure (D:7)
  Edmund (D:5)
  13 water moccasins
  Duvessa (D:7)
  2 acid dragons
  9 swamp drakes
  2 ice beasts
  36 orc warriors
  3 laughing skulls (Gauntlet)
  A black bear (Lair:4)
  21 wolves
  10 centaurs
  11 ogres
  A phantom (D:7)
  A weeping skull (Gauntlet)
  11 bullfrogs
  5 kobold brigands (D:11)
  6 scorpions
  4 earth elementals
  Dowan (D:7)
  8 wights
  32 killer bees
  6 howler monkeys
  4 electric eels
  A lava snake (D:11)
  5 jellies
  A gnoll bouda (D:9)
  Crazy Yiuf (D:2)
  7 hounds
  19 orc priests
  An iguana (shapeshifter) (Elf:1)
  18 iguanas
  36 orc wizards
  A hell rat (Sewer)
  Terence (D:2)
  Robin (D:3)
  16 gnolls
  A river rat (Sewer)
  4 adders
  6 shadow imps (D:7)
  6 white imps
  5 ufetubi (D:7)
  3 dart slugs
  A ribbon worm (D:3)
  81 orcs
  6 ball pythons
  4 endoplasms
  5 giant cockroaches
  13 goblins
  10 hobgoblins
  8 jackals (D:3)
  16 kobolds
  4 quokkas
  6 bats
  18 frilled lizards
  21 rats
  A ball lightning (Spider:3)
  A boulder (Lair:2)
  A butterfly (Lair:2)
1208 creatures vanquished.

Vanquished Creatures (collateral kills)
  A deep elf archer (Elf:1)
  A deep elf zephyrmancer (Elf:1)
  19 ball lightnings
  17 boulders
38 creatures vanquished.

Vanquished Creatures (others)
  A will-o-the-wisp (Swamp:2)
  A tyrant leech (Swamp:2)
  A spriggan (Swamp:2)
  559 ball lightnings
  16 boulders
  24 foxfires
  53 fulminant prisms
655 creatures vanquished.

Grand Total: 1901 creatures vanquished

Notes
Turn   | Place    | Note
-------+----------+-------------------------------------------
     0 | D:1      | browni3141 the Demonspawn Conjurer began the quest for the
                  | Orb.
     0 | D:1      | Reached XP level 1. HP: 13/13 MP: 3/3
   237 | D:1      | Gained mutation: You regenerate a little health from kills.
                  | [demonic ancestry]
   237 | D:1      | Reached XP level 2. HP: 19/19 MP: 1/5
   331 | D:1      | Learned a level 2 spell: Searing Ray
   562 | D:1      | Reached skill level 1 in Fighting
  1174 | D:2      | Gained mutation: You are partially covered in rugged brown
                  | scales. (AC +1, +3% HP) [demonic ancestry]
  1174 | D:2      | Reached XP level 3. HP: 21/26 MP: 1/6
  1252 | D:2      | Found Niweaffy's Weapon Emporium.
  1279 | D:2      | Noticed Terence
  1577 | D:3      | Noticed Robin
  1775 | D:2      | Found a runed translucent door.
  1776 | D:2      | Noticed Crazy Yiuf
  1858 | D:3      | Reached skill level 5 in Conjurations
  1861 | D:3      | Killed Robin
  1862 | D:3      | Gained mutation: You are partially covered in sharp spines.
                  | [demonic ancestry]
  1862 | D:3      | Reached XP level 4. HP: 24/32 MP: 3/7
  2453 | D:3      | Gained mutation: Your touch may inflict minor irresistible
                  | damage on your foes. [demonic ancestry]
  2453 | D:3      | Reached XP level 5. HP: 38/38 MP: 2/8
  3420 | D:2      | Killed Terence
  3768 | D:4      | You fall into a shaft and drop 3 floors!
  3771 | D:7      | Noticed a phantom
  3774 | D:7      | Noticed an ogre
  3787 | D:7      | Killed an ogre
  3788 | D:7      | Gained mutation: You are mostly covered in sharp spines.
                  | [demonic ancestry]
  3788 | D:7      | Reached XP level 6. HP: 23/44 MP: 2/11
  3873 | D:7      | Noticed Dowan
  3900 | D:7      | Noticed an orc warrior
  3912 | D:7      | Noticed Menkaure
  3913 | D:7      | Noticed a water moccasin
  3933 | D:7      | Noticed an ice beast
  3938 | D:7      | Noticed Pikel
  3938 | D:7      | Noticed Prince Ribbit
  4029 | D:6      | Found a runed translucent door.
  4029 | D:6      | Noticed TheRegalBeagle's ghost (novice DsBe)
  4051 | D:6      | Learned a level 4 spell: Fulminant Prism
  4120 | D:6      | Noticed a steam dragon
  4126 | D:5      | Entered Level 5 of the Dungeon
  4132 | D:5      | Reached skill level 1 in Evocations
  4136 | D:5      | Reached skill level 1 in Alchemy
  4169 | D:5      | Reached XP level 7. HP: 48/51 MP: 8/13
  4218 | D:5      | Found Axasiwn's Neck Hole.
  4310 | D:6      | Noticed Grinder
  4327 | D:6      | Paralysed by Grinder for 3 turns
  4336 | D:6      | Killed Grinder
  4430 | D:6      | Found a glowing drain.
  4434 | Sewer    | Entered a sewer
  4583 | Sewer    | Identified the +8 mace of Ignis, Scorching {vamp, Int+5}
  4766 | D:5      | Reached XP level 8. HP: 55/57 MP: 10/14
  5107 | D:5      | Reached skill level 5 in Alchemy
  5112 | D:5      | Learned a level 4 spell: Iskenderun's Mystic Blast
  5224 | D:5      | Reached skill level 1 in Translocations
  5316 | D:5      | Noticed Edmund
  5327 | D:5      | Killed Edmund
  6066 | D:4      | Found an ancient bone altar of Kikubaaqudgha.
  6067 | D:4      | Found a sacrificial altar of Ru.
  6863 | D:6      | Found a staircase to the Ecumenical Temple.
  6928 | Temple   | Entered the Ecumenical Temple
  6935 | Temple   | Became a worshipper of Vehumet
  7056 | D:6      | Found Zemper's General Store.
  7519 | D:6      | Reached XP level 9. HP: 62/62 MP: 9/15
  8021 | D:7      | Noticed Duvessa
  8034 | D:7      | Killed Duvessa
  8035 | D:7      | Reached skill level 5 in Spellcasting
  8038 | D:7      | Killed Dowan
  8115 | D:7      | Killed Prince Ribbit
  8195 | D:7      | Killed Pikel
  8522 | D:7      | Killed Menkaure
  8522 | D:7      | Reached * piety under Vehumet
  8522 | D:7      | Offered knowledge of Freeze by Vehumet.
  8523 | D:7      | Reached skill level 1 in Maces & Flails
  8915 | D:8      | Found Gaehoc's Distillery.
  8992 | D:8      | Reached XP level 10. HP: 69/69 MP: 19/22
  9270 | D:8      | Paralysed by a hornet for 3 turns
  9654 | D:9      | Noticed a two-headed ogre
  9666 | D:9      | Killed a two-headed ogre
  9845 | D:9      | Reached skill level 5 in Maces & Flails
  9845 | D:9      | Reached skill level 10 in Conjurations
  9846 | D:9      | Reached ** piety under Vehumet
  9905 | D:9      | Found a runed translucent door.
  9923 | D:9      | Noticed browni3141's ghost (novice MiFi)
 10093 | D:9      | Identified the +11 whip of the Hierophant {antimagic,
                  | Str+3}
 10098 | D:9      | Offered knowledge of Shock by Vehumet.
 10274 | D:9      | Found Ychouz's Armour Emporium.
 10680 | D:5      | Bought a scarf of resistance for 384 gold pieces
 10791 | D:10     | Entered Level 10 of the Dungeon
 10854 | D:10     | Reached skill level 5 in Fighting
 10882 | D:10     | Found a staircase to the Lair.
 11000 | D:10     | Identified the +1 ring mail "Cuklos" {rC+ Str+3 Slay+2
                  | Stlth+}
 11041 | D:10     | Offered knowledge of Static Discharge by Vehumet.
 11205 | D:10     | Reached XP level 11. HP: 81/81 MP: 13/23
 11436 | D:10     | Reached skill level 5 in Dodging
 11439 | D:10     | Reached skill level 1 in Armour
 11653 | Lair:1   | Entered Level 1 of the Lair of Beasts
 11666 | Lair:1   | Reached *** piety under Vehumet
 11989 | Lair:1   | Reached skill level 5 in Armour
 12268 | Lair:1   | Noticed Amaemon
 12279 | Lair:1   | Killed Amaemon
 12643 | Lair:2   | Found a staircase to the Swamp.
 12654 | Lair:2   | Noticed a seven-headed hydra
 12662 | Lair:1   | Reached skill level 5 in Stealth
 12662 | Lair:1   | Offered knowledge of Brom's Barrelling Boulder by Vehumet.
 12668 | Lair:1   | Learned a level 4 spell: Brom's Barrelling Boulder
 12708 | Lair:2   | Noticed a seven-headed hydra
 12812 | Lair:2   | Killed a seven-headed hydra
 12883 | Lair:2   | Reached XP level 12. HP: 59/89 MP: 12/24
 12900 | Lair:2   | Found a dark tunnel.
 12914 | Lair:2   | Reached **** piety under Vehumet
 12929 | Lair:2   | Killed a seven-headed hydra
 13016 | Lair:2   | Offered knowledge of Irradiate by Vehumet.
 13024 | Lair:2   | Learned a level 5 spell: Irradiate
 14126 | Lair:3   | Noticed a death yak
 14127 | Lair:3   | Noticed a death yak
 14127 | Lair:3   | Noticed a death yak
 14134 | Lair:3   | Noticed a death yak
 14189 | Lair:2   | Killed a death yak
 14248 | Lair:3   | Killed a death yak
 14258 | Lair:2   | Killed a death yak
 14338 | Lair:3   | Killed a death yak
 14376 | Lair:3   | Found a hole to the Spider Nest.
 14503 | Lair:3   | Reached ***** piety under Vehumet
 14508 | Lair:3   | Offered knowledge of Sticky Flame by Vehumet.
 14644 | Lair:3   | Reached XP level 13. HP: 98/98 MP: 25/25
 15538 | Lair:4   | You fall into a shaft and drop 1 floor!
 15538 | Lair:5   | Entered Level 5 of the Lair of Beasts
 15538 | Lair:5   | Found the brooch of Shielding {Spirit SH+8}
 16316 | Lair:5   | Found a viscous altar of Jiyva.
 16316 | Lair:5   | Found a staircase to the Slime Pits.
 16372 | Lair:5   | Noticed a dire elephant
 16383 | Lair:5   | Killed a dire elephant
 16384 | Lair:5   | Reached skill level 10 in Spellcasting
 17209 | Lair:5   | Reached skill level 15 in Conjurations
 17570 | D:11     | Noticed Erolcha
 17602 | D:11     | Killed Erolcha
 17603 | D:11     | Gained mutation: You are mostly covered in rugged brown
                  | scales. (AC +2, +5% HP) [demonic ancestry]
 17603 | D:11     | Reached XP level 14. HP: 89/108 MP: 3/28
 17844 | D:11     | Identified the +2 robe of Makhleb's Castigation {rPois
                  | rN+++ Will- Dex+6}
 17910 | D:11     | Found a staircase to the Orcish Mines.
 17999 | D:11     | Found a hide-covered altar of Uskayaw.
 18105 | D:12     | Offered knowledge of Fireball by Vehumet.
 18263 | D:12     | Learned a level 5 spell: Fireball
 18266 | D:12     | Learned a level 2 spell: Blink
 18982 | D:12     | Noticed Kirke
 18990 | D:12     | Killed Kirke
 19111 | D:13     | Found an ornate altar of the Wu Jian Council.
 19335 | D:13     | Reached ****** piety under Vehumet
 20789 | D:14     | Offered knowledge of Orb of Destruction by Vehumet.
 20824 | D:14     | Learned a level 7 spell: Orb of Destruction
 20993 | D:14     | Noticed an ironbound thunderhulk
 21001 | D:14     | Killed an ironbound thunderhulk
 21141 | D:14     | Found a gate to the Vaults.
 21228 | D:15     | Entered Level 15 of the Dungeon
 21440 | D:15     | Found a staircase to the Depths.
 21444 | D:15     | Reached skill level 10 in Maces & Flails
 21444 | D:15     | Reached XP level 15. HP: 113/113 MP: 20/31
 21978 | D:15     | Found a broken altar of Ashenzari.
 22115 | D:15     | Found Cigiv's Armour Shoppe.
 22183 | D:15     | Found Zin's Purification Station.
 22190 | D:15     | Bought a potion of curing for 90 gold pieces
 22422 | Swamp:1  | Entered Level 1 of the Swamp
 22829 | Swamp:1  | Noticed Mlioglotl
 22839 | Swamp:1  | Noticed a tentacled starspawn
 22840 | Swamp:1  | Killed Mlioglotl
 22995 | Swamp:1  | Noticed Roxanne
 23517 | Swamp:1  | Identified the serpent talisman of Nihilism {rC- rCorr
                  | Str+8 Slay-5}
 23517 | Swamp:1  | Noticed Aizul
 23530 | Swamp:1  | Killed Aizul
 24103 | Swamp:2  | Found a glacial archway.
 24103 | Swamp:2  | Noticed an azure jelly
 24110 | Swamp:2  | Killed an azure jelly
 24541 | Swamp:2  | Reached XP level 16. HP: 120/120 MP: 34/34
 24542 | Swamp:2  | Gained mutation: Your touch may inflict irresistible damage
                  | on your foes. [demonic ancestry]
 24542 | Swamp:2  | Reached XP level 17. HP: 126/126 MP: 35/35
 24687 | Swamp:3  | Offered knowledge of Bombard by Vehumet.
 24932 | Swamp:2  | Learned a level 6 spell: Bombard
 25088 | Swamp:2  | Reached skill level 1 in Earth Magic
 25339 | Swamp:3  | Identified the +1 quarterstaff of Ethereal Valiance {elec,
                  | *Rage Will++ MP+9}
 25367 | Swamp:3  | Paralysed by a fenstrider witch for 4 turns
 25943 | Swamp:4  | Entered Level 4 of the Swamp
 26421 | Swamp:3  | Reached XP level 18. HP: 133/133 MP: 31/36
 27414 | Swamp:4  | Noticed the 27-headed Lernaean hydra
 27432 | Swamp:4  | Killed the 27-headed Lernaean hydra
 27719 | Swamp:4  | Got a decaying rune of Zot
 28307 | Swamp:1  | Killed Roxanne
 28655 | Spider:1 | Entered Level 1 of the Spider Nest
 28666 | Spider:1 | Reached skill level 5 in Earth Magic
 28671 | Spider:1 | Reached skill level 1 in Shields
 28678 | Spider:1 | Offered knowledge of Lee's Rapid Deconstruction by Vehumet.
 28991 | Spider:1 | Reached skill level 15 in Spellcasting
 28999 | Spider:1 | Reached skill level 10 in Dodging
 29118 | Spider:1 | Identified the +3 trident "Geimp" {freeze, Str+4}
 30206 | Spider:2 | Identified the +4 mace of Darkness {heavy, *Slow rN+++ MP+9
                  | SInv}
 30731 | Spider:2 | Offered knowledge of Conjure Ball Lightning by Vehumet.
 30904 | D:9      | Bought the +0 pair of gloves "Waewn" {^Contam rElec rF+++
                  | Slay+3} for 665 gold pieces
 31127 | Spider:2 | Learned a level 6 spell: Conjure Ball Lightning
 31232 | Spider:3 | Reached skill level 1 in Air Magic
 31776 | Spider:2 | Reached XP level 19. HP: 132/140 MP: 0/38
 33586 | Spider:4 | Entered Level 4 of the Spider Nest
 33790 | Spider:4 | Noticed Arachne
 33934 | Spider:4 | Offered knowledge of Maxwell's Capacitive Coupling by
                  | Vehumet.
 34091 | Spider:4 | Reached skill level 5 in Air Magic
 34109 | Spider:3 | Killed Arachne
 34717 | Spider:4 | Identified a scroll of acquirement
 35838 | Spider:4 | Got a gossamer rune of Zot
 36266 | D:2      | Killed Crazy Yiuf
 36374 | D:6      | Killed TheRegalBeagle's ghost
 36514 | D:9      | Killed browni3141's ghost
 36604 | Orc:1    | Entered Level 1 of the Orcish Mines
 36815 | Orc:1    | Noticed browni3141's ghost (journeyman DsCj)
 36862 | Orc:1    | Found a bloodstained altar of Trog.
 36869 | Orc:1    | Found a transporter.
 36873 | Orc:1    | Found a transporter.
 36888 | Orc:1    | Offered knowledge of Fire Storm by Vehumet.
 36888 | Orc:1    | Offered knowledge of Shatter by Vehumet.
 36888 | Orc:1    | Offered knowledge of Ignition by Vehumet.
 36976 | Orc:1    | Found Zyffunachi's Weapon Emporium.
 36984 | Orc:1    | Bought 2 throwing nets for 96 gold pieces
 37107 | Orc:2    | Entered Level 2 of the Orcish Mines
 37121 | Orc:2    | Found a gate leading to a gauntlet.
 37132 | Orc:2    | Noticed Donald
 37134 | Orc:2    | Found a staircase to the Elven Halls.
 37139 | Orc:2    | Killed Donald
 37143 | Orc:2    | Noticed Snorg
 37154 | Orc:2    | Killed Snorg
 37155 | Orc:2    | Reached skill level 1 in Fire Magic
 37233 | Gauntlet | Entered a Gauntlet
 37233 | Gauntlet | Found a transporter.
 37233 | Gauntlet | Found a transporter.
 37345 | Gauntlet | Found a transporter.
 37360 | Gauntlet | Found a transporter.
 37374 | Gauntlet | Found a transporter.
 37388 | Gauntlet | Found a transporter.
 37405 | Gauntlet | Found a transporter.
 37477 | Gauntlet | Found a transporter.
 37493 | Gauntlet | Found a transporter.
 37509 | Gauntlet | Found a transporter.
 37523 | Gauntlet | Found a transporter.
 37612 | Gauntlet | Found a transporter.
 37616 | Gauntlet | Found a transporter.
 37627 | Gauntlet | Found a transporter.
 37632 | Gauntlet | Found a transporter.
 37635 | Gauntlet | Found a transporter.
 37709 | Gauntlet | Identified the ring "Bexiran" {rElec Will- rCorr Str+6}
 37981 | Gauntlet | Got the Elucidation of Malignant Mysteries and
                  | Accompaniment
 38803 | Orc:2    | Found Bayda's Assorted Antiques.
 38901 | Orc:2    | Found Diloxt's Antique Armour Boutique.
 38902 | Orc:2    | Found Deusutee's Antique Weapon Boutique.
 38904 | Orc:2    | Found Qefre's General Store.
 38904 | Orc:2    | Found Noxt's Book Shop.
 39034 | Elf:1    | Entered Level 1 of the Elven Halls
 39068 | Elf:1    | Reached skill level 5 in Shields
 39967 | Elf:1    | Found Vonirot's Jewellery Emporium.
 39968 | Elf:1    | Found Kusoc's Book Shop.
 39969 | Elf:1    | Found Ruthemex's Jewellery Emporium.
 40865 | Elf:2    | Gained mutation: You are completely covered in rugged brown
                  | scales. (AC +3, +7% HP) [demonic ancestry]
 40865 | Elf:2    | Reached XP level 20. HP: 134/150 MP: 25/40
 41265 | Elf:2    | Identified the +5 ring mail "Laefauma" {rF+}
 41422 | Elf:2    | Reached skill level 5 in Fire Magic
 41979 | Elf:2    | Found a runed translucent gate.
 41979 | Elf:2    | Found a runed translucent gate.
 41979 | Elf:2    | Found a runed translucent gate.
 42092 | Elf:3    | Entered Level 3 of the Elven Halls
 42971 | Elf:3    | Killed from afar by a Tzitzimitl

Illustrated notes

Levels and vault maps discovered:
D:1:      moated_graveyard_arrival, layout_loops_ring, minmay_unequal
D:2:      layout_basic, serial_shops, nicolae_shop_waterfront, uniq_terence,
          uniq_crazy_yiuf_cottage
D:3:      layout_basic, uniq_robin
D:4:      layout_layer_cave, minitemple, kennysheep_generic_room_11
D:5:      layout_basic, nicolae_shop_sticking_my_neck_out, uniq_edmund
D:6:      layout_layer_cave, minmay_temple_entry_junction,
          mainiacjoe_sewer_entry_somewhere_in_here_2, serial_shops,
          nicolae_shop_tiny_waterfront, ebering_ghost_sewer_d,
          minmay_hedge_maze, reono_crystal_passage, uniq_grinder
D:7:      layout_rooms, serial_demonic, serial_demonic_a, serial_demonic_a,
          serial_demonic_b, serial_demonic_d, uniq_prince_ribbit1, uniq_pikel,
          uniq_menkaure, uniq_duvessa
D:8:      layout_basic, serial_shops, nicolae_shop_industrial_runoff
D:9:      layout_roguey, hellmonk_ghost_happy_afterlife, serial_shops,
          shop_fountains
D:10:     layout_basic, erik_lair_island
D:11:     layout_rooms, kennysheep_orc_monster_closet_entryway,
          nicolae_uskayaw_suspiria, uniq_erolcha
D:12:     layout_irregular_city, grunt_ministairs_4, evilmike_butchery,
          uniq_kirke
D:13:     layout_small_grid, special_room [special_room_bee],
          nzn_wu_jian_council_hall
D:14:     layout_long_grid, hellmonk_vaults_keyhole,
          hangedman_abyss_or_decor_stabs
D:15:     hangedman_depths_entry_civil_slaughter, layout_basic,
          ashenzari_conservatory_becter, serial_shops, shop, zin_purify
Temple:   compressed_dpeg_triangle_lava_temple
Lair:1:   layout_misc_corridors, grunt_megastairs_5, uniq_amaemon
Lair:2:   lemuel_reptile_caves, layout_hall_layers, minmay_swamp_entry_worms,
          nicolae_volcano_entry_two_sided, lemuel_fruit_fields,
          serial_bayou_shore_a
Lair:3:   layout_big_grid, spider_nest_entry_web_field,
          infiniplex_staircase_pool_2
Lair:4:   layout_cave_pods, infiniplex_staircase_pool
Lair:5:   gammafunk_lair_ancient_temple, layout_big_grid,
          minmay_slime_entry_pillars, serial_bayou_shore_b
Swamp:1:  layout_basic_swamp, evilmike_swamp_ruin_house_4, swamp_pool_1_2,
          nicolae_swamp_decorative_isthmus, uniq_aizul, uniq_mlioglotl,
          uniq_roxanne
Swamp:2:  layout_basic_swamp, portal_ice_cave_entry_frozen_things,
          nicolae_swamp_some_circles, nicolae_swamp_tree_isthmus
Swamp:3:  layout_basic_swamp, evilmike_swamp_ruin_house_3
Swamp:4:  swamp_old_school, layout_basic_swamp, nicolae_swamp_snake_nest
Spider:1: layout_spider_delve, beargit_elvish_explorers
Spider:2: layout_spider_delve, drop_trap
Spider:3: layout_chambers, hangedman_stitches_earthworm
Spider:4: spider_rune_water, hangedman_spider_tarantella_strand, uniq_arachne
Orc:1:    layout_caves, gammafunk_ghost_wrathful_warriors, serial_shops, shop,
          kennysheep_orc_chapel
Orc:2:    st_orc_congregation, layout_diamond_mine, gauntlet_entry_generic,
          serial_shops, nicolae_shop_gibbet_a_chance, uniq_snorg, uniq_donald
Elf:1:    layout_loops_corners, minivault_28, grunt_megastairs_4,
          minmay_shop_grove
Elf:2:    elven_hall_of_blades_hangedman_original [nicolae_blade_bullseye],
          layout_geoelf_octagon, uniq_agnes
Elf:3:    minmay_elf_hall_curves, layout_onion_city, serial_shops, shop,
          minmay_elf_annihilation, uniq_boris

Skill      XL: |  1  2  3  4  5  6  7  8  9 10 11 12 13 14 15 16 17 18 19 20 |
---------------+-------------------------------------------------------------+-----
Stealth        | 2 3 4 5 |  5.0
Dodging        | 2 4 7 8 11 12 13 | 13.2
Fighting       | 1 2 5 7 8 |  8.0
Conjurations   | 5 6 8 10 12 15 16 | 16.0
Spellcasting   | 3 4 8 10 12 14 15 16 | 16.0
Evocations     | 1 3 |  3.0
Alchemy        | 1 4 5 |  5.0
Translocations | 3 |  3.0
Maces & Flails | 2 5 7 10 13 14 | 14.0
Armour         | 6 7 8 |  8.0
Earth Magic    | 2 5 |  5.0
Shields        | 3 5 6 |  6.0
Air Magic      | 2 5 |  5.0
Fire Magic     | 4 6 |  6.5

Action                     |  1- 3 |  4- 6 |  7- 9 | 10-12 | 13-15 | 16-18 | 19-21 || total
---------------------------+-------+-------+-------+-------+-------+-------+-------++-------
  Melee: Unarmed           |     2 |       |       |       |       |       |       ||     2
         Dagger            |    28 |    20 |       |       |       |       |       ||    48
         Hand axe          |       |    21 |    22 |       |       |       |       ||    43
         Touch             |       |     3 |    13 |    46 |   141 |    40 |       ||   243
         Mace              |       |       |    73 |   254 |   626 |   402 |   321 ||  1676
         Punch             |       |       |     1 |     1 |     3 |     3 |       ||     8
  Throw: Dart              |     7 |    10 |       |       |       |       |       ||    17
   Cast: Magic Dart        |    68 |    65 |   184 |   244 |   121 |   102 |     2 ||   786
         Searing Ray       |     3 |     7 |     4 |    14 |     1 |       |       ||    29
         Fulminant Prism   |       |       |     7 |    33 |    13 |       |       ||    53
         Iskenderun's Myst |       |       |       |     5 |    17 |    56 |     1 ||    79
         Brom's Barrelling |       |       |       |    18 |    28 |     4 |       ||    50
         Irradiate         |       |       |       |    14 |    56 |    39 |    20 ||   129
         Fireball          |       |       |       |       |    18 |     3 |       ||    21
         Orb of Destructio |       |       |       |       |    36 |    48 |     4 ||    88
         Bombard           |       |       |       |       |       |    13 |     2 ||    15
         Conjure Ball Ligh |       |       |       |       |       |    16 |   237 ||   253
  Evoke: Wand              |       |       |     6 |     5 |     4 |       |     3 ||    18
         Lightning rod     |       |       |       |       |     6 |     4 |     3 ||    13
         Box of beasts     |       |       |       |       |       |       |     1 ||     1
    Use: Scroll            |     1 |    11 |     6 |     5 |     7 |     1 |     3 ||    34
         Potion            |     1 |       |       |       |     6 |     5 |     2 ||    14
   Stab: Sleeping          |     1 |       |     1 |     1 |     1 |       |     1 ||     5
         Paralysed         |       |       |     5 |       |       |       |       ||     5
         Distracted        |       |       |       |       |     1 |     1 |       ||     2
 Armour: Robe              |    34 |     8 |       |       |       |       |       ||    42
         Animal skin       |       |    24 |    35 |       |       |       |       ||    59
         Steam dragon scal |       |       |    36 |    75 |       |       |       ||   111
         Ring mail         |       |       |       |   138 |   457 |    80 |       ||   675
         Swamp dragon scal |       |       |       |       |       |   314 |   673 ||   987
  Dodge: Dodged            |    28 |    39 |    55 |   237 |   457 |   331 |   157 ||  1304
  Block: Other             |       |       |       |       |   207 |    67 |       ||   274
         Buckler           |       |       |       |       |       |   150 |   102 ||   252
         Kite shield       |       |       |       |       |       |       |   228 ||   228
